 Dungeon Crawl Stone Soup version 0.30-a0-169-g06f667207d (webtiles) character file.

Game seed: 13781935131507604992

156 qw the Chopper (level 5, -2/32 HPs)
             Began as a Gargoyle Fighter on Sept 29, 2022.
             Killed from afar by an orc wizard (9 damage)
             ... with a puff of flame
             ... on level 4 of the Dungeon.
             The game lasted 00:01:09 (3886 turns).

qw the Chopper (Gargoyle Fighter)                   Turns: 3886, Time: 00:01:09

Health: -2/32      AC: 15    Str: 19 (22) XL:     5   Next: 37%
Magic:  5/5        EV:  7    Int:  5 (8)  God:
Gold:   152        SH:  4    Dex:  7 (9)  Spells: 4/4 levels left

rFire   . . .      SeeInvis .    Y - +0 war axe
rCold   . . .      Faith    .    c - +0 buckler
rNeg    + . .      Spirit   .    j - +0 chain mail
rPois   inf        Reflect  .    b - +1 helmet
rElec   +          Harm     .    (no cloak)
rCorr   .          Rampage  .    (no gloves)
Will    .....                    (no boots)
Stlth   ..........               (no amulet)
HPRegen 0.10/turn                (no ring)
MPRegen 0.09/turn                (no ring)

@: no status effects
A: sickness immunity, AC +4, negative energy resistance 1, electricity
resistance, torment resistance 1, petrification resistance
a: no special abilities


You were on level 4 of the Dungeon.
You visited 1 branch of the dungeon, and saw 4 of its levels.

You collected 152 gold pieces.


Innate Abilities, Weirdness & Mutations

You are immune to sickness and miasma.
Your stone body is resilient. (AC +4)
You are immune to poison.
You resist negative energy. (rN+)
You are resistant to electric shocks. (rElec)
You are resistant to unholy torment.
You are immune to petrification.


   Skills:
 - Level 3.2 Fighting
 + Level 4.9 Axes
 - Level 3.2 Armour
 - Level 3.2 Shields


You had 4 spell levels left.
You didn't know any spells.
Your spell library was empty.

Inventory:

Hand Weapons
 i - a +0 whip
 Y - a +0 war axe (weapon)
Armour
 b - a +1 helmet (worn)
 c - a +0 buckler (worn)
 j - a +0 chain mail (worn)
Potions
 d - a potion of might
 f - a potion of haste
 h - a potion of mutation {unknown}
 k - a potion of flight {unknown}
 l - a potion of curing {unknown}

Dungeon Overview and Level Annotations

Branches:
Dungeon (4/15)
 Temple: D:4-7

Altars:
Sif Muna

Annotations:
D:3 1 runed translucent door, qw's ghost, amateur GrFi


Message History

You completely miss the orc wizard. You closely miss the orc.
The orc wizard closely misses you. The orc hits you but does no damage.
You closely miss the orc wizard. You slash the orc!
You kill the orc!
The orc wizard hits you with a +0 dagger.
You barely miss the orc wizard. You block the orc wizard's attack.
You barely miss the orc wizard. The orc wizard barely misses you.
You barely miss the orc wizard. You barely miss the orc.
The orc wizard hits you with a +0 dagger.
An orc comes into view. It is wielding a +0 flail.
The orc hits you but does no damage.
You closely miss the orc wizard. You slash the orc!
You kill the orc!
You closely miss the orc wizard.
The orc wizard hits you but does no damage.
You completely miss the orc wizard.
Your extra speed is starting to run out.
The orc wizard hits you but does no damage.
You barely miss the orc wizard.
The orc wizard hits you but does no damage.
You closely miss the orc wizard. The orc wizard casts a spell at you.
The magic dart hits you!
You closely miss the orc wizard. You hit the orc wizard.
The orc wizard is lightly wounded.
The orc wizard barely misses you.
You hit the orc wizard.
The orc wizard is moderately wounded.
You block the orc wizard's attack.
You barely miss the orc wizard.
The orc wizard is moderately wounded.
You completely miss the orc.
You feel yourself slow down.
You feel a little less clever now. The orc hits you but does no damage.
The orc wizard gestures at you while chanting.
The puff of flame hits you!
You die...

.# .#
###.#
..#.#
#.#.# #
#.#.#.####
#.#o...$..
#<@o......
#..######.
....#
###..+
#..+ #..#
#..# #...


You could see an orc wizard and an orc.

Vanquished Creatures
  Terence (D:3)
  Robin (D:2)
  3 adders
  2 worms (D:3)
  3 dart slugs
  7 orcs
  7 endoplasms
  2 giant cockroaches
  9 goblins
  7 hobgoblins
  9 jackals
  4 kobolds
  4 ball pythons
  A bat (D:1)
  7 frilled lizards
  A rat (D:1)
68 creatures vanquished.

Notes
Turn   | Place    | Note
-------+----------+-------------------------------------------
     0 | D:1      | qw the Gargoyle Fighter began the quest for the Orb.
     0 | D:1      | Reached XP level 1. HP: 14/14 MP: 1/1
     0 | D:1      | 0 ||| qw: Version: 0.2-a-12-gaebbb33
     0 | D:1      | 0 ||| qw: Game counter: 1299
     0 | D:1      | 0 ||| qw: Always use a shield: true
     0 | D:1      | 0 ||| qw: God list: Okawaru
     0 | D:1      | 0 ||| qw: Allow faded altars: false
     0 | D:1      | 0 ||| qw: Do Orc after D:15 true
     0 | D:1      | 0 ||| qw: Do second Lair branch before Depths: true
     0 | D:1      | 0 ||| qw: Lair rune preference: random
     0 | D:1      | 0 ||| qw: Plans: Normal, Zot:1-4, God:TSO, Crypt, Tomb,
                  | Pan, Slime:5, Hells, Abyss, Orb
     0 | D:1      | 0 ||| PLANNING D:1-11
   211 | D:1      | Reached skill level 2 in Axes
   500 | D:1      | 500 ||| Stepping ~*~*~tactically~*~*~ (stealth).
   508 | D:1      | Reached XP level 2. HP: 14/19 MP: 2/2
   730 | D:1      | 730 ||| Stepping ~*~*~tactically~*~*~ (stealth).
   746 | D:1      | 746 ||| Stepping ~*~*~tactically~*~*~ (stealth).
   751 | D:1      | 751 ||| Stepping ~*~*~tactically~*~*~ (stealth).
   761 | D:1      | 761 ||| Stepping ~*~*~tactically~*~*~ (stealth).
  1122 | D:1      | Reached skill level 3 in Axes
  1386 | D:1      | 1386 ||| UPGRADING to +0 chain mail.
  1396 | D:1      | 1396 ||| DROPPING +0 scale mail.
  1397 | D:1      | 1397 ||| READING scroll labelled HOUMNA XAICRE.
  1398 | D:1      | 1398 ||| READING 2 scrolls labelled NAAK WOSUARAED.
  1399 | D:1      | 1399 ||| READING scroll labelled NYED OFAAG.
  1431 | D:2      | 1431 ||| Stepping ~*~*~tactically~*~*~ (hiding).
  1436 | D:2      | Reached XP level 3. HP: 23/23 MP: 3/3
  1740 | D:2      | Noticed Robin
  1756 | D:2      | HP: 4/23 [Robin/+0 spear (4)]
  1764 | D:2      | Killed Robin
  1768 | D:2      | 1768 ||| FLEEEEING.
  1769 | D:2      | 1769 ||| FLEEEEING.
  1770 | D:2      | 1770 ||| FLEEEEING.
  1771 | D:2      | 1771 ||| FLEEEEING.
  1772 | D:2      | 1772 ||| FLEEEEING.
  1773 | D:2      | 1773 ||| FLEEEEING.
  1774 | D:2      | 1774 ||| FLEEEEING.
  1775 | D:2      | 1775 ||| FLEEEEING.
  1776 | D:2      | 1776 ||| FLEEEEING.
  1777 | D:2      | 1777 ||| FLEEEEING.
  1778 | D:2      | 1778 ||| FLEEEEING.
  1779 | D:2      | 1779 ||| FLEEEEING.
  1781 | D:2      | 1781 ||| STAIRDANCE
  2025 | D:1      | 2025 ||| READING scroll labelled FICEASCHUNU.
  2393 | D:2      | Reached XP level 4. HP: 28/28 MP: 4/4
  2573 | D:2      | 2573 ||| UPGRADING to +0 helmet.
  2578 | D:2      | 2578 ||| READING scroll of enchant armour.
  2578 | D:2      | 2578 ||| ENCHANTING +0 helmet.
  2579 | D:2      | 2579 ||| READING scroll labelled KOSHUESYBY.
  2782 | D:3      | Noticed Terence
  2796 | D:3      | Killed Terence
  2797 | D:3      | Reached skill level 4 in Axes
  3032 | D:3      | 3032 ||| Stepping ~*~*~tactically~*~*~ (stealth).
  3036 | D:3      | Reached XP level 5. HP: 31/32 MP: 5/5
  3179 | D:3      | Found a shimmering blue altar of Sif Muna.
  3244 | D:3      | Found a runed translucent door.
  3247 | D:3      | Noticed qw's ghost (amateur GrFi)
  3831 | D:3      | 3831 ||| READING scroll labelled SODUON CIMAGG.
  3832 | D:3      | 3832 ||| DRINKING 2 murky clear potions.
  3833 | D:3      | 3833 ||| DRINKING 2 smoky black potions.
  3834 | D:3      | 3834 ||| DRINKING 2 amethyst potions.
  3835 | D:3      | 3835 ||| DROPPING potion of brilliance.
  3836 | D:3      | 3836 ||| DROPPING potion of degeneration.
  3854 | D:4      | 3854 ||| Stepping ~*~*~tactically~*~*~ (stealth).
  3856 | D:4      | 3856 ||| Stepping ~*~*~tactically~*~*~ (hiding).
  3865 | D:4      | 3865 ||| Stepping ~*~*~tactically~*~*~ (stealth).
  3882 | D:4      | HP: 7/32 [orc wizard/magic dart (9)]
  3886 | D:4      | Killed from afar by an orc wizard

Levels and vault maps discovered:
D:1:      psy_arrival_spokes, layout_basic, st_stairs_3,
          chequers_serial_rivers_room_a, serial_bayou_ford_a
D:2:      layout_loops_ring, uniq_robin
D:3:      layout_basic, nicolae_sif_muna_condensation, gammafunk_ghost_grave,
          uniq_terence
D:4:      layout_basic, general_overflow_altar, minivault_19, uniq_duvessa,
          uniq_edmund, uniq_menkaure

Skill      XL: |  1  2  3  4 |
---------------+-------------+-----
Axes           | 2 3 4 |  4.9
Fighting       | |  3.2
Armour         | |  3.2
Shields        | |  3.2

Action                   |  1- 3 |  4- 6 || total
-------------------------+-------+-------++-------
Melee: War axe           |   156 |    85 ||   241
  Use: Scroll            |     4 |     3 ||     7
       Potion            |       |     3 ||     3
Armor: Scale mail        |    55 |       ||    55
       Chain mail        |    40 |    49 ||    89
Dodge: Dodged            |    62 |    21 ||    83
Block: Buckler           |    27 |    11 ||    38

Table legend:
 A = Non-vault XP
 B = Vault XP
 C = Vault XP percentage of total XP
 D = Non-vault monster count
 E = Vault monster count
 F = Vault count percentage of total count
                 A         B        C        D         E       F
            +---------+---------+-------+---------+---------+-------
      Total |     150 |      73 |  32.7 |      54 |      14 |  20.6
            +---------+---------+-------+---------+---------+-------
        D:1 |      29 |       4 |  12.1 |      17 |       3 |  15.0
        D:2 |      24 |      31 |  56.4 |      11 |      10 |  47.6
        D:3 |      74 |      38 |  33.9 |      22 |       1 |   4.3
        D:4 |      23 |       0 |   0.0 |       4 |       0 |   0.0
            +---------+---------+-------+---------+---------+-------
